 Dungeon Crawl Stone Soup version 0.30-a0-322-g102857c98e (webtiles) character file.

Game seed: 16654270129444461107

912 Derp the Skirmisher (level 7, 0/91 HPs)
             Began as a Minotaur Hunter on Oct 27, 2022.
             Was a Priest of Vehumet.
             Engulfed by a cloud of flame (4 damage)
             ... on level 4 of the Dungeon.
             The game lasted 00:18:54 (3612 turns).

Derp the Skirmisher (Minotaur Hunter)               Turns: 3612, Time: 00:18:54

Health: 0/91       AC: 23    Str: 16    XL:     7   Next: 82%
Magic:  6/6        EV:  2    Int:  8    God:    Vehumet [***...]
Gold:   268        SH:  0    Dex: 13    Spells: 3/6 levels left

rFire   + . .      SeeInvis +    a - +0 shortbow
rCold   + . .      Faith    .    (shield currently unavailable)
rNeg    . . .      Spirit   .    (body armour currently unavailable)
rPois   +          Reflect  .    (helmet currently unavailable)
rElec   +          Harm     .    (cloak currently unavailable)
rCorr   +          Rampage  .    (gloves currently unavailable)
Will    .....      NoTele   +    (boots currently unavailable)
Stlth   ++........               (no amulet)
HPRegen 0.35/turn                t - ring of see invisible
MPRegen 0.10/turn                (no ring)

@: tree-form, resistant
A: stationary, stasis, torment immunity, boosted hp, (horns 2), (retaliatory
headbutt)
a: Renounce Religion


You were on level 4 of the Dungeon.
You worshipped Vehumet.
Vehumet was most pleased with you.
You were a tree.
You visited 1 branch of the dungeon, and saw 4 of its levels.

You collected 268 gold pieces.

Inventory:

Hand Weapons
 a - a +0 shortbow (weapon)
 z - a +0 mace of draining
 B - a +0 dagger of speed
Missiles
 h - 5 boomerangs
 m - 2 throwing nets
 o - 4 poisoned darts
Armour
 c - a +0 leather armour (melded)
 p - an orb of energy
 q - a +0 pair of boots (melded)
 s - the +0 cloak of Midsummer (melded) {Fly}
   (You found it on level 3 of the Dungeon)

   Fly:       It grants you flight.
Jewellery
 t - a ring of see invisible (left branch)
Scrolls
 g - a scroll of butterflies
 j - a scroll of amnesia
 r - a scroll of teleportation {unknown}
 v - a scroll of fear {unknown}
 w - a scroll of vulnerability {unknown}
 y - a scroll of summoning {unknown}
 A - a scroll of blinking {unknown}
Potions
 e - 3 potions of attraction
 f - a potion of curing
 i - a potion of heal wounds {unknown}
 k - 2 potions of resistance
 l - a potion of invisibility {unknown}
 u - a potion of haste {unknown}
 x - a potion of degeneration {unknown}


   Skills:
 + Level 5.0 Fighting
 + Level 9.0 Ranged Weapons
 + Level 2.9 Armour
 + Level 3.2 Dodging
 + Level 1.5 Stealth


You had 3 spell levels left.
You knew the following spells:

 Your Spells              Type           Power      Damage    Failure   Level
a - Freeze                Ice            0%         1d3       12%         1
b - Wereblood             Tmut           0%         N/A       54%         2

Your spell library contained the following spells:

 Spells                   Type           Power      Damage    Failure   Level
 Inner Flame              Hex/Fire       0%         N/A       32%         3
 Beastly Appendage        Tmut           0%         N/A       41%         1
 Spider Form              Tmut/Pois      0%         N/A       78%         3


Dungeon Overview and Level Annotations

Branches:
Dungeon (4/15)
 Temple: D:4-7

Altars:
Okawaru
Ru
Trog
Uskayaw
Vehumet
Wu Jian
Zin


Innate Abilities, Weirdness & Mutations

You are a tree.
Your roots penetrate the ground, keeping you stationary.
You cannot be teleported.
You are immune to unholy pain and torment.
Your maximum health is greatly increased.
Your equipment is partially melded.
((You have a pair of horns on your head.))
((You reflexively headbutt those who attack you in melee.))


Message History

Flame seeps out of the hornet.
The hornet stings you.
The endoplasm is engulfed in blazing flames.
You kill the endoplasm!
Vehumet accepts your kill.
Your Dodging skill increases to level 3!
You shoot an arrow. The arrow barely misses the hornet.
You feel yourself speed up.
You feel very sick.
The hornet is engulfed in blazing flames.
Flame seeps out of the hornet.
The hornet stings you but does no damage.
The hornet is engulfed in blazing flames.
Flame seeps out of the hornet.
The hornet stings you but does no damage.
The hornet is engulfed in blazing flames.
Vehumet accepts your kill.
The hornet explodes!
The fiery explosion engulfs you!!
* * * LOW HITPOINT WARNING * * *
Your Fighting skill increases to level 5!
Your Ranged Weapons skill increases to level 9!
You feel better.
You are engulfed in blazing flames.
* * * LOW HITPOINT WARNING * * *
You cannot move.
It was a potion of resistance.
You feel protected.
You are engulfed in blazing flames.
You resist.
* * * LOW HITPOINT WARNING * * *
You feel better.
You are engulfed in blazing flames.
You resist.
* * * LOW HITPOINT WARNING * * *
As you read the scroll labelled ZEYZEAFITIU, it crumbles to dust.
It is a scroll of amnesia.
Really abort (and waste the scroll)?
Okay, then.
You are engulfed in blazing flames.
You resist.
As you read the scroll labelled POIPRA OZAU, it crumbles to dust.
It is a scroll of identify.
g - a scroll of butterflies You are engulfed in blazing flames.
You resist.
You die...

#.# #......###.#.#.###....
#######.## ##.....#...#.#...#...#
.........###......#.###.###.#...#
.....##..........................
####.....#..........####.........
#)##....##..)..#.###...###..##
...#..###..###..<.......#......#
..y#..#.##.#####[##.##....###.##
B..#.)#[.'..## #♣##.##...## #.#
..s#..#.##(..###§##.###### #.#
J..#..###....B.○.##.#########.#
.y.####.....#######<..........#
#'##....#..## #############
.........J## ......##### .######
##


There were no monsters in sight!

Vanquished Creatures
  A hornet (D:4)
  2 ogres (D:4)
  2 phantoms
  A scorpion (D:4)
  A wight (D:4)
  2 orc priests
  An iguana (D:1)
  A gnoll (D:4)
  8 adders
  An ufetubus (D:4)
  3 dart slugs
  2 worms
  12 orcs
  6 bats
  8 endoplasms
  3 giant cockroaches (D:4)
  9 goblins
  8 hobgoblins
  6 kobolds
  6 quokkas
  8 ball pythons
  6 frilled lizards
  6 rats
103 creatures vanquished.

Notes
Turn   | Place    | Note
-------+----------+-------------------------------------------
     0 | D:1      | Derp the Minotaur Hunter began the quest for the Orb.
     0 | D:1      | Reached XP level 1. HP: 18/18 MP: 0/0
   207 | D:1      | Reached XP level 2. HP: 25/25 MP: 1/1
   515 | D:1      | Found a faded altar of an unknown god.
   518 | D:1      | Prayed at the altar of an unknown god.
   518 | D:1      | Became a worshipper of Vehumet
   518 | D:1      | Reached * piety under Vehumet
   518 | D:1      | Offered knowledge of Magic Dart by Vehumet.
   553 | D:1      | Reached skill level 5 in Ranged Weapons
   775 | D:1      | Reached XP level 3. HP: 13/30 MP: 2/2
   927 | D:1      | Reached XP level 4. HP: 31/38 MP: 3/3
  1005 | D:2      | Reached ** piety under Vehumet
  1005 | D:2      | Offered knowledge of Freeze by Vehumet.
  1270 | D:1      | Reached skill level 1 in Armour
  1549 | D:3      | Identified the +0 cloak of Midsummer {Fly}
  1665 | D:2      | Learned a level 1 spell: Freeze
  1668 | D:2      | Learned a level 2 spell: Wereblood
  1790 | D:3      | Reached skill level 1 in Stealth
  1790 | D:3      | Reached XP level 5. HP: 45/45 MP: 4/4
  1797 | D:3      | Reached skill level 6 in Ranged Weapons
  1881 | D:3      | Found a sacrificial altar of Ru.
  2020 | D:4      | Found a bloodstained altar of Trog.
  2067 | D:4      | Found a radiant altar of Vehumet.
  2132 | D:4      | Noticed an ogre
  2373 | D:4      | Found a glowing silver altar of Zin.
  2445 | D:4      | Found an ornate altar of the Wu Jian Council.
  2458 | D:4      | Offered knowledge of Inner Flame by Vehumet.
  2557 | D:4      | Killed an ogre
  2558 | D:4      | Reached XP level 6. HP: 52/52 MP: 5/5
  2577 | D:4      | Found a hide-covered altar of Uskayaw.
  2700 | D:4      | Reached skill level 7 in Ranged Weapons
  2982 | D:4      | Reached *** piety under Vehumet
  3176 | D:4      | Reached skill level 8 in Ranged Weapons
  3176 | D:4      | Reached XP level 7. HP: 51/60 MP: 6/6
  3219 | D:4      | Noticed a hornet
  3530 | D:4      | Found an iron altar of Okawaru.
  3604 | D:4      | Paralysed by a hornet for 1 turns
  3607 | D:4      | Killed a hornet
  3608 | D:4      | Reached skill level 5 in Fighting
  3608 | D:4      | Reached skill level 9 in Ranged Weapons
  3609 | D:4      | HP: 3/91 [cloud of flame (6)]
  3612 | D:4      | Engulfed by a cloud of flame

Illustrated notes

Levels and vault maps discovered:
D:1:      dpeg_arrival_castle, layout_basic,
          hellmonk_ecumenical_altar_inner_sanctum, hangedman_feature_mirror,
          hangedman_glass_teeth, minmay_lizard_pond
D:2:      wander_river, layout_rooms
D:3:      layout_rooms, hangedman_ru_absence
D:4:      layout_loops_ring, mainiacjoe_overflow_brackets,
          okawaru_altar_gauntlet_db, zin_statuary,
          eat_drink_and_be_merry_uskayaw, mainiacjoe_overflow_large_starburst,
          hangedman_decor_peaks_small, minmay_divided_ellipse

Skill      XL: |  1  2  3  4  5  6  7 |
---------------+----------------------+-----
Ranged Weapons | 5 6 8 9 |  9.0
Fighting       | 3 4 5 |  5.0
Armour         | 2 |  2.9
Stealth        | 1 |  1.5
Dodging        | 3 |  3.2

Action                   |  1- 3 |  4- 6 |  7- 9 || total
-------------------------+-------+-------+-------++-------
 Fire: Shortbow          |    60 |   227 |    29 ||   316
  Use: Potion            |     3 |       |     4 ||     7
       Scroll            |       |       |     3 ||     3
Armor: Leather armour    |    19 |    28 |     2 ||    49
       Skin              |     3 |       |     5 ||     8
Dodge: Dodged            |    31 |    63 |    18 ||   112

Table legend: (Time is in decaauts)
 A = Elapsed time spent in this place.
 B = Non-inter-level travel time spent in this place.
 C = Inter-level travel time spent in this place.
 D = Time resting spent in this place.
 E = Time spent auto-exploring this place.
 F = Levels seen in this place.
 G = Mean time per level.
                   A        B        C        D        E       F      G
               +--------+--------+--------+--------+--------+-----+--------+
         Total |   3709 |   3609 |    100 |      3 |   2391 |   4 |  927.2 |
       Dungeon |   3709 |   3609 |    100 |      3 |   2391 |   4 |  927.2 |
               +--------+--------+--------+--------+--------+-----+--------+

Top non-repeatable levels by time:
     D:4: 1432 daAuts
     D:1: 997 daAuts
     D:2: 646 daAuts
     D:3: 632 daAuts
